 Dungeon Crawl Stone Soup version 0.31.0-9-g3a7656b989 (webtiles) character file.

Game seed: 1149494903789266423

115 qw the Skirmisher (level 4, 0/25 HPs)
             Began as a Deep Elf Hunter on Feb 2, 2024.
             Slain by a river rat (8 damage)
             ... in a sewer.
             The game lasted 00:00:06 (2084 turns).

qw the Skirmisher (Deep Elf Hunter)                 Turns: 2084, Time: 00:00:07

Health: 0/25       AC:  5    Str: 10    XL:     4   Next: 68%
Magic:  6/6        EV: 11    Int: 14    God:
Gold:   78         SH:  0    Dex: 18    Spells: 3/3 levels left

rFire   + . .        a - +0 shortbow
rCold   . . .        (shield currently unavailable)
rNeg    . . .        h - +0 ring mail
rPois   .            (no helmet)
rElec   .            (no cloak)
rCorr   .            (no gloves)
SInv    .            (no boots)
Will    .....        (no amulet)
Stlth   +            e - ring of protection from fire
HPRegen 0.24/turn    (no ring)
MPRegen 0.10/turn

%: no passive effects
@: no status effects
A: no striking features
a: no special abilities


You were in a sewer.
You visited 1 branch of the dungeon, and saw 3 of its levels.
You also visited: Sewer.

You collected 78 gold pieces.


   Skills:
 - Level 1.5 Fighting
 + Level 8.1 Ranged Weapons
 - Level 2.4 Dodging
 - Level 1.2 Stealth


You had 3 spell levels left.
You didn't know any spells.
Your spell library was empty.

Inventory:

Hand Weapons
 a - a +0 shortbow (weapon)
Armour
 h - a +0 ring mail (worn)
Jewellery
 e - a ring of protection from fire (left hand)
Potions
 b - a potion of enlightenment {unknown}
 f - a potion of brilliance {unknown}

Dungeon Overview and Level Annotations

Branches:
Dungeon (3/15)              Sewer (1/1)

Altars:


Message History

2 rats and 2 river rats come into view.
You shoot an arrow. The arrow barely misses the river rat.
You shoot an arrow.
The arrow hits the river rat but does no damage.
You hear a loud squeak.
A frilled lizard comes into view.
The frilled lizard hisses angrily.
A river rat comes into view.
You shoot an arrow. The arrow hits the river rat.
The river rat is lightly wounded.
The river rat bites you.
You shoot an arrow.
The arrow hits the river rat but does no damage.
The river rat is lightly wounded.
The river rat bites you!
You shoot an arrow.
The arrow hits the river rat but does no damage.
The river rat is lightly wounded.
The river rat misses you.
You shoot an arrow. The arrow closely misses the river rat.
The river rat barely misses you.
A rat comes into view.
You shoot an arrow.
The arrow hits the river rat but does no damage.
The river rat is lightly wounded.
The river rat bites you.
The river rat twitches its whiskers.
The river rat bites you.
You shoot an arrow. The arrow hits the river rat.
The river rat is moderately wounded.
The river rat bites you but does no damage.
The river rat twitches its whiskers.
The river rat closely misses you.
You shoot an arrow. The arrow hits the river rat!
The river rat is almost dead.
The river rat bites you. The river rat completely misses you.
You shoot an arrow. The arrow hits the river rat.
You kill the river rat!
The river rat bites you!
You die...

.. .# r# l# r# #r
######r#################
...~...@....~~~.%.~.~...
~~...~.~~...~.~~~~~~~...
########################


You could see 2 river rats, a frilled lizard and 2 rats.

Vanquished Creatures
  5 adders
  2 river rats
  4 ribbon worms (D:3)
  2 orcs (D:3)
  4 endoplasms
  3 giant cockroaches
  5 goblins
  3 hobgoblins (D:2)
  A kobold (D:2)
  2 quokkas (D:2)
  4 ball pythons
  5 bats
  3 frilled lizards
  11 rats
54 creatures vanquished.

Notes
Turn   | Place    | Note
-------+----------+-------------------------------------------
     0 | D:1      | qw the Deep Elf Hunter began the quest for the Orb.
     0 | D:1      | Reached XP level 1. HP: 12/12 MP: 3/3
     0 | D:1      | 0 ||| qw: Version: 0.3-a-155-g5e7d8dd
     0 | D:1      | 0 ||| qw: Game counter: 1653
     0 | D:1      | 0 ||| qw: Melee chars always use a shield: true
     0 | D:1      | 0 ||| qw: God list: Okawaru
     0 | D:1      | 0 ||| qw: Allow faded altars: false
     0 | D:1      | 0 ||| qw: Do Orc after clearing Dungeon:15 true
     0 | D:1      | 0 ||| qw: Do second Lair branch before Depths: true
     0 | D:1      | 0 ||| qw: Lair rune preference: random
     0 | D:1      | 0 ||| qw: Goals: Normal
     0 | D:1      | 0 ||| PLANNING D:1-11
   542 | D:1      | 542 ||| UPGRADING to +0 scale mail.
   552 | D:1      | 552 ||| DROPPING +0 leather armour.
   553 | D:1      | 553 ||| UPGRADING to +0 ring mail.
   563 | D:1      | 563 ||| DROPPING +0 scale mail.
   564 | D:1      | 564 ||| READING scroll labelled UGRURCHIVVY.
   565 | D:1      | 565 ||| READING scroll labelled NITETZ GICZYE.
   566 | D:1      | 566 ||| READING 2 scrolls labelled LIXZOHONUCW.
   567 | D:1      | 567 ||| DROPPING scroll of butterflies.
   626 | D:2      | Reached skill level 6 in Ranged Weapons
   626 | D:2      | Reached XP level 2. HP: 16/16 MP: 4/4
   832 | D:2      | Reached XP level 3. HP: 13/20 MP: 5/5
  1155 | D:2      | Reached skill level 7 in Ranged Weapons
  1421 | D:2      | 1421 ||| DROPPING ring of flight.
  1422 | D:2      | 1422 ||| UPGRADING to ring of protection from fire.
  1423 | D:2      | 1423 ||| READING scroll of identify.
  1423 | D:2      | 1423 ||| IDENTIFYING glowing green potion
  1424 | D:2      | 1424 ||| READING scroll labelled PECIAM XORON.
  1456 | D:3      | 1456 ||| PLANNING SEWER
  1824 | D:3      | 1824 ||| RETREEEEATING.
  1825 | D:3      | 1825 ||| RETREEEEATING.
  1826 | D:3      | 1826 ||| RETREEEEATING.
  1828 | D:3      | Reached XP level 4. HP: 9/25 MP: 6/6
  1831 | D:3      | HP: 6/25 [poisoned by an adder]
  1832 | D:3      | 1832 ||| DRINKING potion of heal wounds.
  2012 | D:3      | Reached skill level 8 in Ranged Weapons
  2024 | D:3      | Found a glowing drain.
  2032 | Sewer    | Entered a sewer
  2084 | Sewer    | Slain by a river rat

Levels and vault maps discovered:
D:1:      dpeg_arrival_refuge, layout_basic
D:2:      minmay_evil_eye, layout_loops_ring
D:3:      layout_loops_ring, lightli_sewer_entry_pipes,
          kennysheep_generic_room_2
Sewer:    sewer_co_cracked_pipes

Skill      XL: |  1  2  3  4 |
---------------+-------------+-----
Ranged Weapons | 6 7 8 |  8.1
Fighting       | |  1.5
Dodging        | |  2.4
Stealth        | |  1.2

Action                     |  1- 3 |  4- 6 || total
---------------------------+-------+-------++-------
   Fire: Shortbow          |   122 |    58 ||   180
    Use: Scroll            |     5 |       ||     5
         Potion            |       |     1 ||     1
 Armour: Ring mail         |    23 |    17 ||    40
  Dodge: Dodged            |    26 |     9 ||    35

Table legend:
 A = Non-vault XP
 B = Vault XP
 C = Vault XP percentage of total XP
 D = Non-vault monster count
 E = Vault monster count
 F = Vault count percentage of total count
                 A         B        C        D         E       F
            +---------+---------+-------+---------+---------+-------
      Total |      73 |     106 |  59.2 |      35 |      19 |  35.2
            +---------+---------+-------+---------+---------+-------
        D:1 |       9 |       0 |   0.0 |       6 |       0 |   0.0
        D:2 |      39 |      21 |  35.0 |      16 |       5 |  23.8
        D:3 |      25 |      57 |  69.5 |      13 |      11 |  45.8
      Sewer |       0 |      28 | 100.0 |       0 |       3 | 100.0
            +---------+---------+-------+---------+---------+-------
